 Dungeon Crawl Stone Soup version 0.19.5 (webtiles) character file.

356 Amnesiac the Basher (level 6, -2/67 HPs)
             Began as an Ogre Monk on Aug 31, 2018.
             Slain by a worker ant (4 damage)
             ... on level 4 of the Dungeon.
             The game lasted 00:04:00 (2755 turns).

Amnesiac the Basher (Ogre Monk)                     Turns: 2755, Time: 00:04:01

Health: -2/67      AC:  3    Str: 20 (21) XL:     6   Next: 63%
Magic:  6/6        EV: 10    Int:  6 (7)  God:
Gold:   213        SH:  0    Dex: 11 (12) Spells: 0 memorised, 5 levels left

rFire  . . .     SeeInvis .     a - +0 mace
rCold  + . .     Gourm    .     b - +0 robe
rNeg   . . .     Faith    .     (no shield)
rPois  .         Spirit   .     (helmet restricted)
rElec  .         Reflect  .     (no cloak)
rCorr  .         Harm     .     (gloves unavailable)
MR     .....                    (boots unavailable)
Stlth  ++........               (no amulet)
                                (no ring)
                                (no ring)

@: lethally poisoned (-2 -> -3)
A: unfitting armour, cold resistance 1, dopey 1, strong 1, tough skin 1
a: no special abilities


You were on level 4 of the Dungeon.
You were not hungry.

You visited 1 branch of the dungeon, and saw 4 of its levels.

You collected 213 gold pieces.

Inventory:

Hand Weapons
 a - a +0 mace (weapon)
Armour
 b - a +0 robe (worn)
Jewellery
 l - an uncursed ring of protection from fire {unknown}
Scrolls
 f - a scroll of identify {!r}
 g - a scroll of remove curse {!r}
 h - 4 scrolls of fear {!r, unknown}
 k - a scroll of amnesia {!r}
Comestibles
 c - 3 bread rations
 d - a beef jerky
 i - a meat ration
 j - 6 chunks of flesh


   Skills:
 + Level 6.2 Fighting
 * Level 8.2 Maces & Flails
 - Level 2.6 Dodging
 - Level 1.4 Stealth


You had 5 spell levels left.
You didn't know any spells.

Dungeon Overview and Level Annotations

Branches:
Dungeon (4/15)
 Temple: D:4-7

Altars:
Ashenzari
Elyvilon
Kikubaaqudgha
Nemelex Xobeh
Uskayaw
Zin
The Shining One

Annotations:
D:2 dig


Innate Abilities, Weirdness & Mutations

You are too large for most types of armour.
You have tough skin. (AC +1)
Your flesh is cold resistant. (rC+)
You are dopey. (Int -2)
Your muscles are strong. (Str +2)


Message History

You hit the worker ant.
The worker ant is lightly wounded.
The worker ant bites you.
You completely miss the worker ant.
The worker ant is lightly wounded.
The worker ant bites you!
You hit the worker ant.
The worker ant is moderately wounded.
The worker ant bites you!
* * * LOW HITPOINT WARNING * * *
You completely miss the worker ant.
The worker ant is moderately wounded.
The worker ant bites you.
* * * LOW HITPOINT WARNING * * *
You closely miss the worker ant.
The worker ant is moderately wounded.
The worker ant bites you.
* * * LOW HITPOINT WARNING * * *
The worker ant bites you but does no damage.
You hit the worker ant but do no damage.
The worker ant is moderately wounded.
The worker ant bites you.
* * * LOW HITPOINT WARNING * * *
You hit the worker ant.
The worker ant is heavily wounded.
The worker ant closely misses you.
You barely miss the worker ant.
The worker ant is heavily wounded.
The worker ant bites you.
* * * LOW HITPOINT WARNING * * *
Really quaff
e - a puce potion {!q}?
It was a potion of magic {!q}.
Magic courses through your body. The worker ant barely misses you.
The worker ant closely misses you. The worker ant bites you.
* * * LOW HITPOINT WARNING * * *
You are poisoned.
The worker ant poisons you!
You feel sick.
You see here a black potion {!q}.
Really quaff a black potion {!q}?
It was a potion of degeneration {!q}.
There was something very wrong with that liquid.
You feel weakened.
You feel dopey.
You feel clumsy. The worker ant bites you.
* * * LOW HITPOINT WARNING * * *
You feel sick. The worker ant closely misses you. The worker ant bites you.
* * * LOW HITPOINT WARNING * * *
You see here a jackal corpse.
You feel sick. The worker ant bites you.
* * * LOW HITPOINT WARNING * * *
* * * LOW HITPOINT WARNING * * *
You feel sick. The worker ant closely misses you.
* * * LOW HITPOINT WARNING * * *
You feel sick.
You see here a silvery potion {!q}.
Really quaff a silvery potion {!q}?
It was a potion of mutation {!q}.
You feel extremely strange.
You feel stronger.
You feel stupid.
You feel resistant to cold. The worker ant bites you.
You die...

..# #.....# #.#
#.....#
########.####..#.#
#.........# #.##.#
#........<# #.##.#
#.........###.##.#
#..$.............#
#..........###.#.#
#......@a..###.#†##
#.............†...#
###########.####.##
#.####.# ###(...#.#
#....#.#.#
####.#<.###'###
#.....h.#.....#
######.h#.♣.♣.###


You could see a worker ant.

Vanquished Creatures
  Sigmund (D:2)
  A bullfrog (D:4)
  Ijyb (D:3)
  3 adders
  An ooze (D:2)
  3 worms
  2 dart slugs
  3 leopard geckos
  A giant cockroach (D:1)
  5 goblins
  11 hobgoblins
  7 jackals
  3 quokkas
  7 bats
  3 frilled lizards
  6 kobolds
  A leopard gecko skeleton (D:4)
  2 quokka skeletons (D:4)
  7 rats
68 creatures vanquished.

Notes
Turn   | Place    | Note
-------+----------+-------------------------------------------
     0 | D:1      | Amnesiac the Ogre Monk began the quest for the Orb.
     0 | D:1      | Reached XP level 1. HP: 24/24 MP: 1/1
   101 | D:1      | Reached XP level 2. HP: 24/32 MP: 2/2
   374 | D:1      | Reached XP level 3. HP: 33/40 MP: 3/3
   387 | D:1      | Reached skill level 5 in Maces & Flails
   661 | D:2      | Found a hide-covered altar of Uskayaw.
   661 | D:2      | Noticed a hand axe
   661 | D:2      | Noticed a hand axe
   792 | D:2      | Reached XP level 4. HP: 5/49 MP: 4/4
   806 | D:1      | HP: 2/49 [poisoned by an adder]
  1149 | D:2      | Noticed Sigmund
  1306 | D:3      | Found a white marble altar of Elyvilon.
  1347 | D:3      | Reached skill level 5 in Fighting
  1373 | D:3      | Found a glowing golden altar of the Shining One.
  1373 | D:3      | Found a glowing silver altar of Zin.
  1374 | D:3      | Found an ancient bone altar of Kikubaaqudgha.
  1382 | D:3      | Noticed Ijyb
  1409 | D:3      | Killed Ijyb
  1409 | D:3      | Reached skill level 6 in Maces & Flails
  1642 | D:4      | Found a sparkling altar of Nemelex Xobeh.
  1666 | D:4      | Noticed an ogre
  2132 | D:3      | Reached XP level 5. HP: 39/57 MP: 5/5
  2297 | D:2      | Found a shattered altar of Ashenzari.
  2537 | D:2      | Killed Sigmund
  2537 | D:2      | Reached skill level 7 in Maces & Flails
  2537 | D:2      | Reached XP level 6. HP: 53/67 MP: 6/6
  2721 | D:4      | Reached skill level 8 in Maces & Flails
  2747 | D:4      | HP: 2/67 [worker ant (3)]
  2754 | D:4      | HP: 1/67 [poisoned by a worker ant]
  2755 | D:4      | Gained mutation: Your muscles are strong. (Str +2) [potion of mutation]
  2755 | D:4      | Gained mutation: You are dopey. (Int -2) [potion of mutation]
  2755 | D:4      | Gained mutation: Your flesh is cold resistant. (rC+) [potion of mutation]
  2755 | D:4      | Slain by a worker ant

Skill      XL: |  1  2  3  4  5  6 |
---------------+-------------------+-----
Maces & Flails | 5 6 7 8 |  8.2
Fighting       | 5 6 |  6.2
Dodging        | |  2.6
Stealth        | |  1.4

Action                   |  1- 3 |  4- 6 || total
-------------------------+-------+-------++-------
Melee: Mace              |    87 |   163 ||   250
       Whip              |    22 |       ||    22
  Use: Scroll            |     4 |       ||     4
       Potion            |     2 |     5 ||     7
 Stab: Sleeping          |     3 |     1 ||     4
  Eat: Chunk             |       |     6 ||     6
Armor: Robe              |    41 |    40 ||    81
Dodge: Dodged            |    52 |    82 ||   134
